 Dungeon Crawl Stone Soup version 0.22-a0-402-ga933591 (webtiles) character file.

265 Borgoz the Skirmisher (level 6, -4/53 HPs)
             Began as a Hill Orc Monk on May 6, 2018.
             Killed by divine providence
             ... invoked by an orc priest
              (10 damage)
             ... on level 3 of the Dungeon.
             The game lasted 00:03:05 (1915 turns).

Borgoz the Skirmisher (Hill Orc Monk)               Turns: 1915, Time: 00:03:05

Health: -4/53      AC:  2    Str: 14    XL:     6   Next: 20%
Magic:  6/6        EV: 13    Int: 10    God:
Gold:   66         SH:  0    Dex: 15    Spells: 5/5 levels left

rFire    . . .     SeeInvis .   k - +2 dagger (vamp)
rCold    . . .     Gourm    .   (no shield)
rNeg     . . .     Faith    .   b - +0 robe
rPois    .         Spirit   .   (no helmet)
rElec    .         Reflect  .   (no cloak)
rCorr    .         Harm     .   (no gloves)
MR       .....                  (no boots)
Stlth    ++........             (no amulet)
HPRegen  0.17/turn              (no ring)
MPRegen  0.10/turn              (no ring)

@: no status effects
A: no striking features
a: Convert to Beogh


You were on level 3 of the Dungeon.
You were very hungry.

You visited 1 branch of the dungeon, and saw 3 of its levels.

You collected 66 gold pieces.

Inventory:

Hand Weapons
 k - a +2 vampiric dagger (weapon)
Armour
 b - a +0 robe (worn)
Jewellery
 o - a cursed ring of teleportation {unknown}
Scrolls
 a - a scroll of random uselessness {unknown}
 d - a scroll of fear {unknown}
 f - 2 scrolls of enchant armour {unknown}
 i - a scroll of remove curse {unknown}
 j - a scroll of enchant weapon {unknown}
 l - a scroll of immolation {unknown}
 m - a scroll of noise {unknown}
 n - a scroll of amnesia {unknown}
 q - a scroll of teleportation {unknown}
Potions
 e - a potion of might
 g - 2 potions of heal wounds {unknown}
 h - 2 potions of degeneration {unknown}
 p - a potion of curing {unknown}
Comestibles
 c - 9 rations


   Skills:
 + Level 4.6 Fighting
 * Level 4.5 Short Blades
 + Level 2.3 Armour
 + Level 3.1 Dodging
 + Level 2.7 Stealth


You had 5 spell levels left.
You didn't know any spells.

Dungeon Overview and Level Annotations

Branches:
Dungeon (3/15)

Altars:
Fedhas
Gozag
Kikubaaqudgha
Makhleb
Qazlal
Zin
The Shining One


Message History

You barely miss the orc priest.
The orc priest hits you with a short sword.
The orc misses you.
You closely miss the orc priest. The orc priest barely misses you.
You hit the orc priest.
You feel better.
The orc priest is lightly wounded.
The orc hits you with a whip.
You hit the orc priest but do no damage.
The orc priest is lightly wounded.
The orc priest mumbles some strange prayers to Beogh against you.
Beogh smites you!
* * * LOW HITPOINT WARNING * * *
The orc misses you.
The orc priest miscasts a cantrip.
The orc barely misses you.
The orc priest calls upon Beogh to heal the orc.
The orc's wounds heal themselves!
The orc priest calls down the wrath of Beogh upon you.
Beogh smites you!
You die...

#..# #.##
#..# ##o##
#oo# ##.##
#.o# ##.##
#.@# ##.##
#..#
##.######
#.>....#####
######.#...#
#.#.#.#
###.#.#.#
#<....#.#


You could see an orc priest and 3 orcs.

Vanquished Creatures
  Sigmund (D:2)
  A hound (D:2)
  Crazy Yiuf (D:2)
  A worm (D:2)
  3 dart slugs
  An orc (D:3)
  2 giant cockroaches (D:1)
  2 goblins
  4 hobgoblins
  4 jackals (D:1)
  5 kobolds
  A quokka (D:2)
  4 bats
  2 frilled lizards
  5 rats
37 creatures vanquished.

Notes
Turn   | Place    | Note
-------+----------+-------------------------------------------
     0 | D:1      | Borgoz the Hill Orc Monk began the quest for the Orb.
     0 | D:1      | Reached XP level 1. HP: 19/19 MP: 1/1
   196 | D:1      | Reached XP level 2. HP: 19/27 MP: 2/2
   717 | D:1      | Reached XP level 3. HP: 33/33 MP: 3/3
   858 | D:1      | Reached skill level 1 in Armour
  1240 | D:2      | Found a burning altar of Makhleb.
  1263 | D:2      | Reached XP level 4. HP: 28/40 MP: 4/4
  1305 | D:2      | Noticed Sigmund
  1335 | D:2      | Killed Sigmund
  1335 | D:2      | Reached XP level 5. HP: 16/47 MP: 5/5
  1335 | D:2      | Reached XP level 6. HP: 18/53 MP: 6/6
  1405 | D:2      | Found a faded altar of an unknown god.
  1553 | D:2      | Found a stormy altar of Qazlal.
  1554 | D:2      | Found an ancient bone altar of Kikubaaqudgha.
  1556 | D:2      | Found a blossoming altar of Fedhas.
  1556 | D:2      | Found an opulent altar of Gozag.
  1558 | D:2      | Found a glowing golden altar of the Shining One.
  1559 | D:2      | Found a glowing silver altar of Zin.
  1729 | D:2      | Found a runed door.
  1787 | D:2      | Noticed Crazy Yiuf
  1802 | D:2      | Killed Crazy Yiuf
  1915 | D:3      | Killed from afar by an orc priest

Vault maps used:
D:1:      dpeg_arrival_simpleton_c
D:2:      grunt_temple_overflow_open, chequers_ecumenical_altar_island,
          makhleb_heckhound_becter, uniq_sigmund, uniq_crazy_yiuf_cottage
D:3:      wad_lake_hut, first_ration, uniq_grinder

Skill      XL: |  1  2  3  4 |
---------------+-------------+-----
Armour         | 1 2 |  2.3
Fighting       | 4 |  4.6
Stealth        | 2 |  2.7
Short Blades   | 4 |  4.5
Dodging        | 3 |  3.1

Action                   |  1- 3 |  4- 6 || total
-------------------------+-------+-------++-------
Melee: Short sword       |    48 |       ||    48
       Dagger            |    49 |    78 ||   127
  Use: Potion            |       |     1 ||     1
 Stab: Sleeping          |     1 |     2 ||     3
  Eat: Ration            |     1 |       ||     1
       Chunk             |     1 |     2 ||     3
Armor: Robe              |    12 |     2 ||    14
Dodge: Dodged            |    83 |    28 ||   111

Table legend:
 A = Spawn XP
 B = Non-spawn XP
 C = Spawn XP percentage of total XP
 D = Spawn monster count
 E = Non-spawn monster count
 F = Spawn count percentage of total count
 G = Total turns spent on level
                    A         B        C        D         E        F      G
               +---------+---------+-------+---------+---------+-------+---------
         Total |       0 |     379 |   0.0 |       0 |      37 |   0.0 |  1915
               +---------+---------+-------+---------+---------+-------+---------
           D:1 |       0 |      37 |   0.0 |       0 |      20 |   0.0 |  1121
           D:2 |       0 |     339 |   0.0 |       0 |      16 |   0.0 |   738
           D:3 |       0 |       3 |   0.0 |       0 |       1 |   0.0 |    56
               +---------+---------+-------+---------+---------+-------+---------
